 Dungeon Crawl Stone Soup version 0.19-a0-1041-g82b1012 (webtiles) character file.

14681 junb69 the Cleaver (level 11, -15/92 HPs)
             Began as a Demonspawn Gladiator on July 30, 2016.
             Was a Priest of Ashenzari.
             Demolished by a spiny frog (16 damage)
             ... on level 3 of the Lair of Beasts.
             The game lasted 00:45:44 (15798 turns).

junb69 the Cleaver (Demonspawn Gladiator)          Turns: 15798, Time: 00:45:47

Health: -15/92     AC: 18    Str: 17    XL:     11   Next: 91%
Magic:  0/11       EV: 15    Int:  9    God:    Ashenzari [***...]
Gold:   527        SH:  0    Dex: 16    Spells: 0 memorised, 10 levels left

rFire  . . .     SeeInvis +     j - +2 battleaxe (curse)
rCold  + . .     Gourm    .     a - +0 scale mail
rNeg   . . .     Faith    .     (shield currently unavailable)
rPois  .         Spirit   +     c - +0 helmet (curse)
rElec  +         Dismiss  .     l - +1 cloak (curse)
rCorr  .         Reflect  .     F - +0 pair of gloves (curse)
SustAt +         Harm     .     (no boots)
MR     .....                    w - amulet of regeneration (curse)
Stlth  ++........               (no ring)
                                d - ring of sustain attributes

@: lethally poisoned (-15 -> -17), about to teleport, not resistant to hostile
enchantments, unstealthy
A: hooves 2, thin metallic scales 3, cold resistance 1, mutation resistance 1,
nightstalker 2, magic shield
a: Curse Item, Scrying, Renounce Religion


You were on level 3 of the Lair of Beasts.
You worshipped Ashenzari.
Ashenzari was most pleased with you.
You were not hungry.

You visited 2 branches of the dungeon, and saw 12 of its levels.

You collected 611 gold pieces.
You spent 84 gold pieces at shops.

Inventory:

Hand Weapons
 j - a cursed +2 battleaxe (weapon)
Missiles
 m - 7 curare-tipped needles
 E - 5 javelins (quivered)
Armour
 a - a +0 scale mail (worn)
 c - a cursed +0 helmet (worn)
 l - a cursed +1 cloak (worn)
 F - a cursed +0 pair of gloves (worn)
Jewellery
 d - a ring of sustain attributes (left hand)
 w - a cursed amulet of regeneration (around neck)
Wands
 u - a wand of digging (13/24)
Scrolls
 h - a scroll of amnesia
 i - a scroll of enchant weapon
 x - a scroll of fog
 B - 2 scrolls of remove curse
 C - 6 scrolls of identify
Potions
 n - 3 potions of flight
 p - a potion of magic
 A - 2 potions of brilliance
Miscellaneous
 r - a disc of storms
Comestibles
 b - 4 fruits
 f - 4 bread rations
 g - 10 chunks of flesh
 k - 5 meat rations
 z - 2 beef jerkies
 G - 7 slices of pizza


   Skills:
 * Level 10.7 Fighting
 * Level 10.9(14.4) Axes
 - Level 1.7 Throwing
 - Level 8.6(10.5) Armour
 - Level 7.0(8.9) Dodging


You had 10 spell levels left.
You didn't know any spells.

Dungeon Overview and Level Annotations

Branches:
Dungeon (9/15)             Temple (0/1) D:5            Lair (3/6) D:9
  Swamp (0/4) Lair:3        Snake (0/4) Lair:2          Orc (0/2) D:9

Altars:
Ashenzari
Cheibriados
Elyvilon
Kikubaaqudgha
Makhleb
Nemelex Xobeh
Pakellas
Qazlal
Ru
Trog
Vehumet
The Shining One

Shops:
D:4 ?

Annotations:
D:6 exclusion: orc warrior
D:9 Gastronok
Lair:1 exclusion: komodo dragon


Innate Abilities, Weirdness & Mutations

You have hoof-like feet.
You are completely covered in thin metallic scales. (AC +4, rElec)
Your flesh is cold resistant. (rC+)
You are significantly more attuned to the shadows.
When hurt, damage is shared between your health and your magic reserves.
You are somewhat resistant to further mutation.


Message History

The blink frog hits you but does no damage.
You feel better.
The water moccasin bites you but does no damage.
The blink frog hits you!
* * * LOW HITPOINT WARNING * * *
The spiny frog closely misses you.
Okay, then.
The blink frog barely misses you.
The water moccasin bites you but does no damage.
The blink frog closely misses you.
The blink frog hits you but does no damage.
The blink frog blinks!
The water moccasin bites you but does no damage.
As you read the scroll of teleportation, it crumbles to dust.
You feel strangely unstable. The spiny frog stings you!
* * * LOW HITPOINT WARNING * * *
You are lethally poisoned!
The spiny frog poisons you!
The blink frog blinks!
The water moccasin closely misses you. The spiny frog stings you!
You die...

* , , ,,, , , , , ,
..........S.,
..................
................%.. ,
,
*,................%P%.
, ,
#...............%.%.
,*
#.........§.#.%.....
,, #
#........@SF...%.... .
*P......###FF.......P
#
*#P...)######.......P,
, ##♣♣.♣♣..#
#........, *
#≈♣♣≈≈♣.♣♣ .......!.
.. #♣≈♣≈≈≈♣♣,
......... ,..##
♣≈♣§§≈§§♣♣ , , ,,...#
♣.§§§§§§≈♣* , , ....
.♣§§§§≈§≈♣ , #..


You could see a spiny frog, 2 blink frogs and a water moccasin.

Vanquished Creatures
  A hydra (D:8)
  Joseph (D:6)
  A guardian serpent (Lair:2)
  A black mamba (Lair:1)
  3 spiny frogs
  A komodo dragon (Lair:3)
  A polar bear (Lair:2)
  7 blink frogs (Lair:2)
  Sigmund (D:3)
  17 yaks
  A wyvern (D:8)
  A hungry ghost (D:9)
  2 hippogriffs (Lair:2)
  Grum (D:9)
  4 vampire mosquitoes (Lair:3)
  4 water moccasins
  5 porcupines
  An orc warrior (D:7)
  A sky beast (D:6)
  An ice beast (D:8)
  3 phantoms
  3 wolves
  A necrophage (D:8)
  3 ogres
  5 centaurs
  8 crocodiles
  3 big kobolds
  A gnoll sergeant (D:8)
  8 giant frogs
  2 scorpions
  19 killer bees
  5 wights (D:7)
  3 howler monkeys
  5 crimson imps
  2 giant frog zombies (D:7)
  A quasit (D:3)
  2 centaur zombies
  4 hounds
  Crazy Yiuf (D:4)
  4 orc priests
  10 orc wizards
  A giant frog skeleton (D:4)
  Jessica (D:3)
  4 iguanas
  7 worker ants
  2 sheep (D:8)
  A hound skeleton (D:7)
  A worker ant zombie (D:9)
  3 gnolls (D:8)
  9 adders
  A howler monkey skeleton (D:7)
  22 river rats
  A shadow imp (D:8)
  2 oozes
  An adder zombie (D:7)
  An adder skeleton (D:9)
  3 worms
  3 dart slugs
  3 giant geckos
  20 orcs
  3 giant cockroaches
  9 hobgoblins
  11 jackals
  8 kobolds
  A quokka (D:6)
  8 bats
  A giant gecko skeleton (D:8)
  4 giant newts
  3 goblins
  A jackal zombie (D:8)
  A quokka zombie (D:9)
  8 rats
  3 fungi
295 creatures vanquished.

Vanquished Creatures (others)
  A plant (D:8)
1 creature vanquished.

Grand Total: 296 creatures vanquished

Notes
Turn   | Place    | Note
-------+----------+-------------------------------------------
     0 | D:1      | junb69 the Demonspawn Gladiator began the quest for the Orb.
     0 | D:1      | Reached XP level 1. HP: 16/16 MP: 1/1
   372 | D:1      | Gained mutation: You are slightly more attuned to the shadows. [demonic ancestry]
   372 | D:1      | Reached XP level 2. HP: 21/22 MP: 2/2
  1267 | D:2      | Found a sacrificial altar of Ru.
  1326 | D:2      | Gained mutation: You are partially covered in thin metallic scales. (AC +2) [demonic ancestry]
  1326 | D:2      | Reached XP level 3. HP: 17/27 MP: 3/3
  1993 | D:3      | Found a shattered altar of Ashenzari.
  2003 | D:3      | Became a worshipper of Ashenzari the Shackled
  2064 | D:3      | Found a bloodstained altar of Trog.
  2136 | D:3      | Noticed Sigmund
  2179 | D:3      | Killed Sigmund
  2179 | D:3      | Reached skill level 5 in Axes
  2179 | D:3      | Gained mutation: You are mostly covered in thin metallic scales. (AC +3) [demonic ancestry]
  2179 | D:3      | Reached XP level 4. HP: 18/33 MP: 4/4
  2179 | D:3      | Gained mutation: You have large cloven feet. [demonic ancestry]
  2179 | D:3      | Reached XP level 5. HP: 21/38 MP: 5/5
  3216 | D:3      | Gained mutation: You are significantly more attuned to the shadows. [demonic ancestry]
  3216 | D:3      | Reached XP level 6. HP: 44/44 MP: 6/6
  3230 | D:3      | Noticed Jessica
  3235 | D:3      | Killed Jessica
  3498 | D:3      | Found a faded altar of an unknown god.
  3903 | D:4      | Gained mutation: You have hoof-like feet. [demonic ancestry]
  3903 | D:4      | Reached XP level 7. HP: 30/50 MP: 7/7
  4622 | D:4      | Found a radiant altar of Vehumet.
  4640 | D:4      | Found Ydwi's Magic Scroll Shop.
  4664 | D:4      | Bought a scroll of remove curse for 42 gold pieces
  4664 | D:4      | Bought a scroll of remove curse for 42 gold pieces
  4939 | D:4      | Found a runed door.
  4943 | D:4      | Noticed Crazy Yiuf
  4952 | D:4      | Killed Crazy Yiuf
  5561 | D:5      | Entered Level 5 of the Dungeon
  5565 | D:5      | Gained mutation: You are somewhat resistant to further mutation. [potion of mutation]
  5580 | D:5      | Found a staircase to the Ecumenical Temple.
  5636 | D:5      | Found a sacrificial altar of Ru.
  5831 | D:5      | Found a sparkling altar of Nemelex Xobeh.
  5861 | D:5      | Gained mutation: You are completely covered in thin metallic scales. (AC +4, rElec) [demonic ancestry]
  5861 | D:5      | Reached XP level 8. HP: 56/56 MP: 8/8
  5998 | D:5      | Found a glowing golden altar of the Shining One.
  6849 | D:6      | HP: 2/56 [orc warrior/glaive (23)]
  7741 | D:6      | Reached skill level 10 in Axes
  7956 | D:7      | Reached * piety under Ashenzari
  7961 | D:7      | Noticed Joseph
  8174 | D:7      | Reached skill level 5 in Fighting
  8421 | D:7      | Reached XP level 9. HP: 68/68 MP: 9/9
  8703 | D:6      | Killed Joseph
 10863 | D:8      | Reached skill level 1 in Armour
 10865 | D:8      | Noticed a three-headed hydra
 10973 | D:8      | Gained mutation: When hurt, damage is shared between your health and your magic reserves. [demonic ancestry]
 10973 | D:8      | Reached XP level 10. HP: 84/84 MP: 10/10
 11348 | D:8      | Killed a 13-headed hydra
 11620 | D:8      | Reached skill level 5 in Armour
 11762 | D:9      | Found a burning altar of Makhleb.
 11765 | D:9      | Found a white marble altar of Elyvilon.
 11765 | D:9      | Found a snail-covered altar of Cheibriados.
 11768 | D:9      | Found an oddly glowing altar of Pakellas.
 11795 | D:9      | Found a staircase to the Lair.
 12000 | D:9      | Found a staircase to the Orcish Mines.
 12042 | D:9      | Found a stormy altar of Qazlal.
 12261 | D:9      | Noticed Gastronok
 12271 | D:9      | Found an ancient bone altar of Kikubaaqudgha.
 12325 | D:9      | Noticed Grum
 12640 | D:9      | Killed Grum
 12964 | Lair:1   | Entered Level 1 of the Lair of Beasts
 13036 | Lair:1   | Reached ** piety under Ashenzari
 13064 | Lair:1   | Gained mutation: Your flesh is cold resistant. (rC+) [demonic ancestry]
 13064 | Lair:1   | Reached XP level 11. HP: 84/89 MP: 9/11
 13697 | Lair:1   | Reached skill level 5 in Dodging
 14538 | Lair:2   | Found a staircase to the Snake Pit.
 14595 | Lair:2   | Noticed a catoblepas
 14733 | Lair:2   | Reached *** piety under Ashenzari
 14777 | Lair:2   | Reached skill level 10 in Fighting
 15757 | Lair:3   | Found a staircase to the Swamp.
 15798 | Lair:3   | HP: 1/92 [spiny frog (8)]
 15798 | Lair:3   | Demolished by a spiny frog

Vault maps used:
D:1:      saegor_arrival_simple_d
D:2:      lemuel_crystal_altar, first_bread
D:3:      ashenzari_altar_1, lemuel_crystal_altar, ecumenical_altar_1,
          uniq_sigmund, uniq_jessica
D:4:      vehumet_crystals, serial_shops, nicolae_shop_stone,
          uniq_crazy_yiuf_cottage
D:5:      nicolae_overflow_crystal_walls, tso_metal_star,
          nicolae_ru_great_annihilating_truth
D:7:      uniq_joseph
D:8:      hangedman_ranch
D:9:      nicolae_overflow_hidden_temple, amethyst_overflow_temple_binary,
          grunt_temple_overflow_open, dpeg_oklobed_lair, orc_0_dummy,
          uniq_gastronok, uniq_grum
Lair:1:   minmay_stone_trees_small, st_stairs_9, grunt_megastairs_2,
          serial_bayou_shore_b, serial_bayou_shore_b
Lair:2:   minmay_snake_entry_spellcaster, grunt_megastairs_5,
          serial_bayou_shore_a, serial_bayou_shore_b
Lair:3:   minmay_swamp_entry_swarm, grunt_megastairs_1, serial_bayou_shore_b,
          lemuel_fruit_tree

Skill      XL: |  1  2  3  4  5  6  7  8  9 10 11 |
---------------+----------------------------------+-----
Axes           | 3 5 6 7 9 10 | 10.9
Fighting       | 5 9 10 | 10.7
Armour         | 1 8 |  8.6
Dodging        | 7 |  7.0
Throwing       | |  1.7

Action                   |  1- 3 |  4- 6 |  7- 9 | 10-12 || total
-------------------------+-------+-------+-------+-------++-------
Melee: War axe           |   128 |    99 |   314 |       ||   541
       Kick              |       |    20 |   159 |   183 ||   362
       Battleaxe         |       |       |   247 |   543 ||   790
Throw: Throwing net      |     1 |     4 |     1 |     1 ||     7
       Javelin           |       |     6 |    15 |       ||    21
Invok: Curse Item        |       |     1 |     2 |     2 ||     5
Evoke: Wand              |       |       |       |     1 ||     1
  Use: Scroll            |     3 |     5 |    14 |     3 ||    25
       Potion            |     1 |       |     8 |     5 ||    14
 Stab: Sleeping          |     6 |     3 |     5 |     3 ||    17
       Held in net/web   |     1 |     1 |       |       ||     2
       Distracted        |       |     2 |     2 |     2 ||     6
       Paralysed         |       |       |     1 |       ||     1
  Eat: Chunk             |     1 |     4 |    16 |    12 ||    33
       Bread ration      |     1 |       |       |       ||     1
       Beef jerky        |       |       |     1 |       ||     1
       Meat ration       |       |       |     1 |       ||     1
       Pizza             |       |       |     1 |       ||     1
       Fruit             |       |       |       |     8 ||     8
Armor: Leather armour    |    41 |    57 |   114 |       ||   212
       Skin              |    18 |       |     3 |   104 ||   125
       Scale mail        |       |       |   145 |   302 ||   447
Dodge: Dodged            |    76 |    96 |   401 |   444 ||  1017
